 Dungeon Crawl Stone Soup version bcrawl-1.37.2 (webtiles) character file.

Game seed: 9948609721645102676

424164 SansUndertale the Fighter (level 11, -3/114 HPs)
             Began as a Naga Fighter on Oct 28, 2022.
             Was a Priest of Lugonu.
             Slain by a meliai simulacrum (6 damage)
             ... on level 10 of the Dungeon.
             The game lasted 00:31:19 (9626 turns).

SansUndertale the Fighter (Naga Fighter)            Turns: 9626, Time: 00:31:19

Health: -3/114     AC: 15    Str: 23    XL:     11   Next: 96%
Magic:  16/16      EV:  3    Int:  8    God:    Lugonu [***...]
Gold:   897        SH: 16    Dex: 14    Spells: 10/10 levels left

rFire    . . .     GDR:     32% D - +5 flail (holy)
rCold    . . .     SeeInvis +   c - +0 medium shield
rNeg     . . .     Gourm    .   f - +0 plate armour
rPois    +         Faith    .   n - +2 hat
rElec    .         Spirit   .   o - +0 cloak
rCorr    .         Reflect  +   (no gloves)
MR       +....                  (no barding)
Stlth    ..........             z - +5 amulet of reflection
HPRegen  0.29/turn              m - ring of attention (curse)
MPRegen  0.15/turn              C - +4 ring of dexterity

@: hasted, quick
A: large, tail, swims, see invisible, deformed body, poison resistance, slowness
2, slow metabolism 1, spit poison 1, AC +3
a: Spit Poison, Depart the Abyss, Bend Space, Banish, Renounce Religion


You were on level 10 of the Dungeon.
You worshipped Lugonu.
Lugonu was most pleased with you.
You were not hungry.

You visited 2 branches of the dungeon, and saw 11 of its levels.
You also visited: Ossuary.

You collected 1001 gold pieces.
You spent 104 gold pieces at shops.

Inventory:

Hand Weapons
 a - a +0 war axe
 r - a +0 short sword of draining
 D - a +5 flail of holy wrath (weapon)
Missiles
 g - 392 poisoned tomahawks (quivered)
Armour
 b - a +0 scale mail
 c - a +0 medium shield (worn)
 f - a +0 plate armour (worn)
 n - a +2 hat (worn)
 o - a +0 cloak (worn)
 u - a +0 buckler of reflection
 A - a +2 leather armour of poison resistance
Jewellery
 m - a cursed ring of attention (left hand)
 z - a +5 amulet of reflection (around neck)
 C - a +4 ring of dexterity (right hand)
 F - a +3 ring of evasion {unknown}
Wands
 p - a wand of scattershot (1)
 G - a wand of flame (64)
 L - a wand of random effects (3)
 M - a wand of paralysis (8)
 N - a wand of iceblast (12)
 O - a wand of disintegration (19)
 P - a wand of digging (7)
Scrolls
 i - 10 scrolls of identify
 j - a scroll of fog {unknown}
 k - 7 scrolls of remove curse {unknown}
 l - 2 scrolls of noise {unknown}
 v - 3 scrolls of enchant armour {unknown}
 w - a scroll of brand weapon {unknown}
 y - 5 scrolls of enchant weapon {unknown}
 B - 4 scrolls of fear {unknown}
 E - a scroll of silence {unknown}
 H - 4 scrolls of teleportation {unknown}
 I - a scroll of amnesia {unknown}
 J - a scroll of blinking {unknown}
 K - a scroll of summoning {unknown}
 R - a scroll of magic mapping {unknown}
Potions
 h - 2 potions of brilliance {unknown}
 q - 2 potions of agility
 s - 4 potions of mutation
 t - a potion of degeneration
 x - 4 potions of lignification
 Q - a potion of flight {unknown}
Comestibles
 e - 23 rations {!d}


   Skills:
 * Level 11.6 Fighting
 - Level 2.0(4.6) Axes
 + Level 6.6(6.8) Maces & Flails
 + Level 7.2 Armour
 + Level 7.1 Shields
 + Level 7.8 Invocations


You had 10 spell levels left.
You didn't know any spells.
Your spell library was empty.

Dungeon Overview and Level Annotations

Branches:
Dungeon (10/12)            Temple (1/1) D:4            Lair (0/6) D:7
    Orc: D:8-11

Altars:
Ashenzari
Cheibriados
Elyvilon
Fedhas
Lugonu
Nemelex Xobeh
Sif Muna
Uskayaw
Vehumet
Xom
Zin
The Shining One

Shops:
D:4 *=[}   D:6 (   D:8 }

Annotations:
D:7 exclusion: statue
Abyss:1 Gastronok


Innate Abilities, Weirdness & Mutations

You cannot wear boots.
You can swim through water.
Your serpentine skin is tough. (AC +3)
You have supernaturally acute eyesight. (SInv)
Armour fits poorly on your strangely shaped body.
Your system is resistant to poisons. (rPois)
You cover ground very slowly.
You have a slow metabolism.
You can spit poison.


Message History

The meliai simulacrum is moving more slowly.
You block the meliai simulacrum's attack.
The meliai simulacrum hits you but does no damage.
Aiming: Random Effects
Press: ? - help, Shift-Dir - straight line, f/p - meliai simulacrum
Aim: a meliai simulacrum (slowly petrifying)
The meliai simulacrum struggles to resist.
The meliai simulacrum hits you.
* * * LOW HITPOINT WARNING * * *
The meliai simulacrum freezes you!
* * * LOW HITPOINT WARNING * * *
You block the meliai simulacrum's attack. x2
The meliai simulacrum hits you but does no damage.
Aiming: Random Effects
Press: ? - help, Shift-Dir - straight line, f/p - meliai simulacrum
Aim: a meliai simulacrum (slowly petrifying)
The meliai simulacrum is filled with an inner flame.
You block the meliai simulacrum's attack.
The meliai simulacrum hits you.
You die...

#### #.. ....#
#.. ...... #.#
#.....##.######
#.....^#......?
#.......#
######..# #Z.#
#@## #.# #.#
#.# #.# #.# #.#
#.# #.#


You could see a meliai simulacrum (inner flame).

Vanquished Creatures
  Erica (D:9)
  A centaur warrior (D:9)
  Pikel (D:8)
  An elephant (D:7)
  An eye of draining (D:9)
  2 trolls (D:8)
  Grinder (D:3)
  3 hippogriffs
  A meliai zombie (D:10)
  2 wyverns (D:9)
  A wraith (Ossuary)
  4 hogs (D:7)
  A human (D:7)
  7 yaks
  3 hungry ghosts
  Eustachio (D:4)
  A vampire mosquito (D:9)
  A crocodile (D:9)
  A water moccasin (D:7)
  4 orc warriors
  2 slaves (D:8)
  2 ice beasts
  A necrophage (D:9)
  3 phantoms
  2 ogres
  10 bullfrogs
  A kobold brigand (D:7)
  6 centaurs
  A wyvern zombie (D:8)
  A wyvern skeleton (D:8)
  2 scorpions
  A water moccasin skeleton (D:6)
  A killer bee (D:9)
  A wight (D:9)
  3 howler monkeys (D:9)
  8 orc priests
  4 crimson imps
  3 jellies
  2 hounds
  13 orc wizards
  A bullfrog skeleton (D:5)
  2 iguanas (D:6)
  5 worker ants
  A killer bee zombie (D:5)
  A hound zombie (D:9)
  3 hound skeletons
  2 mummies
  2 worker ant zombies
  3 adders
  2 shadow imps
  An ooze (D:4)
  2 adder zombies
  3 adder skeletons
  A worm (D:2)
  2 dart slugs
  4 leopard geckos
  42 orcs
  2 giant cockroaches
  9 hobgoblins
  8 jackals
  6 quokkas
  3 bats
  2 frilled lizards (D:2)
  6 gnoll skeletons (Ossuary)
  4 goblins
  7 kobolds
  5 kobold skeletons (Ossuary)
  2 kobold zombies (D:4)
  14 orc skeletons (Ossuary)
  2 orc zombies (D:4)
  A quokka skeleton (D:4)
  4 rats
257 creatures vanquished.

Vanquished Creatures (others)
  Joseph (D:9)
  3 orcs
  A plant (D:7)
5 creatures vanquished.

Grand Total: 262 creatures vanquished

Notes
Turn   | Place    | Note
-------+----------+-------------------------------------------
     0 | D:1      | SansUndertale the Naga Fighter began the quest for the Orb.
     0 | D:1      | Reached XP level 1. HP: 21/21 MP: 1/1
   281 | D:1      | Reached XP level 2. HP: 20/28 MP: 2/2
   836 | D:2      | Reached XP level 3. HP: 30/34 MP: 3/3
  1812 | D:3      | Noticed Grinder
  1823 | D:3      | Reached skill level 4 in Fighting
  1823 | D:3      | Reached XP level 4. HP: 22/44 MP: 4/4
  1834 | D:3      | Paralysed by Grinder for 3 turns
  1917 | D:3      | Killed Grinder
  1918 | D:3      | Reached skill level 5 in Fighting
  1918 | D:3      | Reached XP level 5. HP: 34/52 MP: 5/5
  1918 | D:3      | Reached XP level 6. HP: 40/61 MP: 6/6
  2414 | D:4      | Found Lunexoom's Gadget Shoppe.
  2447 | D:4      | Reached XP level 7. HP: 60/68 MP: 7/7
  2462 | D:4      | Found Tomaj's Antique Armour Boutique.
  2555 | D:4      | Found a staircase to the Ecumenical Temple.
  2566 | Temple   | Entered the Ecumenical Temple
  2599 | Temple   | Became a worshipper of Lugonu the Unformed
  2663 | D:4      | Found a sand-covered staircase.
  2667 | Ossuary  | Entered an ossuary
  2667 | Ossuary  | Noticed a wraith
  2667 | Ossuary  | Noticed a wraith
  2667 | Ossuary  | Noticed a wraith
  2772 | Ossuary  | Reached ** piety under Lugonu
  2791 | Ossuary  | Noticed a wraith
  2848 | Ossuary  | Killed a wraith
  2849 | Ossuary  | Reached skill level 6 in Fighting
  2849 | Ossuary  | Reached skill level 1 in Invocations
  3144 | D:4      | Noticed Eustachio
  3210 | D:4      | Killed Eustachio
  3211 | D:4      | Reached XP level 8. HP: 42/78 MP: 9/9
  3481 | D:4      | Found Fecox's General Store.
  3488 | D:4      | Bought a potion of mutation for 104 gold pieces
  3507 | D:4      | Found Plog's Jewellery Shoppe.
  3811 | D:5      | Entered Level 5 of the Dungeon
  3897 | D:5      | Reached skill level 7 in Fighting
  3961 | D:5      | Reached skill level 1 in Maces & Flails
  4471 | D:5      | Found a radiant altar of Vehumet.
  4863 | D:5      | Found a sparkling altar of Nemelex Xobeh.
  5045 | D:6      | Found Jeicae's Antique Weapon Emporium.
  5173 | D:6      | Reached XP level 9. HP: 36/88 MP: 11/11
  5305 | D:6      | Reached skill level 8 in Fighting
  5354 | D:6      | Reached skill level 5 in Armour
  5354 | D:6      | Reached skill level 5 in Shields
  5360 | D:6      | Reached *** piety under Lugonu
  6130 | D:7      | Found a blossoming altar of Fedhas.
  6314 | D:7      | Reached skill level 9 in Fighting
  6314 | D:7      | Reached skill level 5 in Invocations
  6410 | D:7      | Found a staircase to the Lair.
  6411 | D:7      | Noticed an elephant
  6423 | D:7      | Found a glowing silver altar of Zin.
  6425 | D:7      | Found a snail-covered altar of Cheibriados.
  6445 | D:7      | Killed an elephant
  6446 | D:7      | Reached XP level 10. HP: 59/99 MP: 13/13
  6447 | D:7      | Reached **** piety under Lugonu
  6447 | D:7      | Received a gift from Lugonu
  7381 | D:8      | Found a snail-covered altar of Cheibriados.
  7453 | D:8      | Reached skill level 10 in Fighting
  7905 | D:8      | Noticed Pikel
  7914 | D:8      | Killed Pikel
  7915 | D:8      | Reached skill level 5 in Maces & Flails
  7923 | D:8      | Found Waleo's Gadget Emporium.
  7944 | D:8      | Noticed Gastronok
  7950 | D:8      | Banished Gastronok
  7951 | D:8      | Reached XP level 11. HP: 110/110 MP: 6/16
  8455 | D:9      | Reached skill level 11 in Fighting
  8680 | D:9      | Noticed a centaur warrior
  8687 | D:9      | Killed a centaur warrior
  8883 | D:9      | Noticed Joseph
  8895 | D:9      | Killed Joseph
  9210 | D:9      | Noticed Erica
  9228 | D:9      | Killed Erica
  9530 | D:10     | Entered Level 10 of the Dungeon
  9623 | D:10     | HP: 2/114 [meliai simulacrum (7)]
  9626 | D:10     | Slain by a meliai simulacrum

Skill      XL: |  1  2  3  4  5  6  7  8  9 10 11 |
---------------+----------------------------------+-----
Fighting       | 4 5 6 7 9 10 11 | 11.6
Armour         | 3 4 5 6 7 |  7.2
Shields        | 3 4 5 6 7 |  7.1
Invocations    | 2 3 5 6 7 |  7.8
Maces & Flails | 2 3 5 6 |  6.6
Axes           | |  2.0

Action                   |  1- 3 |  4- 6 |  7- 9 | 10-12 || total
-------------------------+-------+-------+-------+-------++-------
Melee: War axe           |   106 |    24 |   161 |       ||   291
       Short sword       |       |     2 |       |       ||     2
       Flail             |       |       |   235 |   317 ||   552
Throw: Tomahawk          |       |     1 |     4 |    22 ||    27
Invok: Banish            |       |       |       |     2 ||     2
 Abil: Spit Poison       |     9 |     8 |    17 |    27 ||    61
Evoke: Wand              |       |       |     6 |     3 ||     9
  Use: Potion            |       |     1 |    12 |     3 ||    16
       Scroll            |       |       |     1 |       ||     1
  Eat: Chunk             |     6 |     3 |    24 |    28 ||    61
       Ration            |       |       |     1 |       ||     1
Armor: Scale mail        |    65 |     9 |   157 |    33 ||   264
       Skin              |       |       |    33 |     3 ||    36
       Plate armour      |       |       |       |   109 ||   109
Dodge: Dodged            |    18 |     8 |    76 |    29 ||   131
Block: Medium shield     |    56 |     4 |   317 |   321 ||   698
       Reflection        |       |       |    11 |    19 ||    30
       Buckler           |       |       |       |    27 ||    27
